 Dungeon Crawl Stone Soup version 0.19-a0-1686-g35356ef (webtiles) character file.

9 Flanowski the Insei (level 2, 0/14 HPs)
             Began as a Vine Stalker Transmuter on Sept 25, 2016.
             Slain by a jackal (2 damage)
             ... on level 1 of the Dungeon.
             The game lasted 00:00:41 (415 turns).

Flanowski the Insei (Vine Stalker Transmuter)        Turns: 415, Time: 00:00:41

Health: 0/14       AC:  4    Str: 12    XL:     2   Next: 12%
Magic:  0/6        EV: 12    Int: 13    God:
Gold:   24         SH:  0    Dex: 14    Spells: 1 memorised, 4 levels left

rFire  . . .     SeeInvis .       - Unarmed
rCold  . . .     Gourm    .     b - +0 robe
rNeg   . . .     Faith    .     (no shield)
rPois  .         Spirit   +     (no helmet)
rElec  .         Dismiss  .     (no cloak)
rCorr  .         Reflect  .     l - +0 pair of gloves
MR     .....     Harm     .     (no boots)
Stlth  +.........               (no amulet)
                                (no ring)
                                (no ring)

@: no status effects
A: fangs 2, magic shield, antimagic bite, no device heal 3, rot immunity
a: no special abilities


You were on level 1 of the Dungeon.
You were not hungry.

You visited 1 branch of the dungeon, and saw 1 of its levels.

You collected 24 gold pieces.

Inventory:

Missiles
 a - 12 arrows
Armour
 b - a +0 robe (worn)
 l - a +0 pair of gloves (worn)
Scrolls
 e - 2 scrolls of identify {unknown}
 g - a scroll of random uselessness {unknown}
 h - a scroll of remove curse {unknown}
Potions
 k - a potion of haste {unknown}
Books
 c - a book of Changes

   Spells                             Type                      Level
   a - Beastly Appendage              Transmutation                1
   b - Sticks to Snakes               Transmutation                2
   c - Spider Form                    Transmutation/Poison         3
   d - Ice Form                       Ice/Transmutation            4
   e - Blade Hands                    Transmutation                5
Comestibles
 d - 2 bread rations
 f - 3 fruits
 j - a meat ration


   Skills:
 + Level 0.8 Fighting
 + Level 1.5 Dodging
 * Level 3.5 Unarmed Combat
 + Level 2.1 Spellcasting
 * Level 2.1 Transmutations


You had 4 spell levels left.
You knew the following spells:

 Your Spells              Type           Power        Failure   Level  Hunger
a - Beastly Appendage     Tmut           #.....       12%         1    ##.....


Dungeon Overview and Level Annotations

Branches:
Dungeon (1/15)

Altars:


Innate Abilities, Weirdness & Mutations

You have extremely sharp teeth.
When hurt, damage is shared between your health and your magic reserves.
Your bite disrupts and absorbs the magic of your enemies.
Potions and wands cannot restore your health.
You are immune to rotting.


Message History

The jackal barely misses you.
The jackal bites you but does no damage. x2
You hit the jackal.
You kill the jackal!
The jackal bites you. x3
* * * LOW HITPOINT WARNING * * *
The jackal bites you but does no damage.
The jackal completely misses you.
Your talons disappear.
The jackal closely misses you. The jackal bites you.
* * * LOW HITPOINT WARNING * * *
The jackal barely misses you.
The jackal bites you but does no damage.
The jackal misses you. The jackal bites you.
* * * LOW HITPOINT WARNING * * *
Unknown command.
The jackal closely misses you. The jackal bites you.
You die...

....#...#.##...# #...#
#...#.##..)....# #...#
#.##†.....#.##.# #...##
...†..#...#.##.#####....#
..#...#.##..#...........########
..#.###.....#........###'......##
##......#............###........#
....#...#............'.#...##...#
#...#.##.......h@....#.#..####..#
#.##...........h.....#.#..####..#
#.....#........(.....#.#...##...#
###...#..............#.#.........
#.##..##...........#.##........
#.....##...#########.#######..#
......###### #.#######..#
.......# #.##........ #.......#
#.#.........


You could see 2 jackals.

Vanquished Creatures
  A giant cockroach (D:1)
  A goblin (D:1)
  2 jackals (D:1)
  A bat (D:1)
  A frilled lizard (D:1)
  2 kobolds (D:1)
8 creatures vanquished.

Notes
Turn   | Place    | Note
-------+----------+-------------------------------------------
     0 | D:1      | Flanowski the Vine Stalker Transmuter began the quest for the Orb.
     0 | D:1      | Reached XP level 1. HP: 9/9 MP: 4/4
   395 | D:1      | Reached XP level 2. HP: 10/14 MP: 1/6
   415 | D:1      | Slain by a jackal

Vault maps used:
D:1:      minmay_arrival_four_loops, hangedman_decor_points,
          minmay_misc_feat_square, roderic_serpentine_path, dk_noncrumbling_3

Action                   || total
-------------------------++-------
Melee: Unarmed           ||    20
       Kick              ||     4
       Bite              ||     3
       Headbutt          ||     1
 Cast: Beastly Appendage ||     4
Armor: Robe              ||    17
Dodge: Dodged            ||    25
